 Dungeon Crawl Stone Soup version 0.29-a0-1027-gcd8c55af63 (webtiles) character file.

Game seed: 18130601095501971173

32 gelatine the Stinger (level 3, -3/24 HPs)
             Began as a Demonspawn Venom Mage on Aug 13, 2022.
             Slain by a worm (4 damage)
             ... on level 2 of the Dungeon.
             The game lasted 00:02:24 (1286 turns).

gelatine the Stinger (Demonspawn Venom Mage)        Turns: 1286, Time: 00:02:25

Health: -3/24      AC:  3    Str:  8    XL:     3   Next: 8%
Magic:  3/6        EV: 12    Int: 20    God:
Gold:   101        SH:  0    Dex: 13    Spells: 5/6 levels left

rFire   . . .      SeeInvis .   e - +0 club
rCold   + . .      Faith    .   (no shield)
rNeg    . . .      Spirit   .   a - +0 robe
rPois   .          Reflect  .   (no helmet)
rElec   .          Harm     .   d - +0 cloak
rCorr   .          Rampage  .   (no gloves)
Will    .....                   (no boots)
Stlth   ++........              (no amulet)
HPRegen 0.08/turn               f - ring of protection from cold
MPRegen 0.10/turn               (no ring)

@: no status effects
A: powered by death 1, big brain 1
a: no special abilities


You were on level 2 of the Dungeon.
You visited 1 branch of the dungeon, and saw 2 of its levels.

You collected 101 gold pieces.

Inventory:

Hand Weapons
 e - a +0 club (weapon)
Armour
 a - a +0 robe (worn)
 d - a +0 cloak (worn)
Jewellery
 f - a ring of protection from cold (left hand)
Scrolls
 g - a scroll of butterflies {unknown}
 i - a scroll of identify {unknown}
 j - a scroll of enchant armour {unknown}
 k - a scroll of immolation {unknown}
 l - a scroll of poison {unknown}
Potions
 b - a potion of magic
 c - a potion of heal wounds {unknown}
 h - a potion of berserk rage {unknown}
 m - a potion of invisibility {unknown}


   Skills:
 + Level 0.2 Maces & Flails
 + Level 2.0 Dodging
 + Level 1.8 Stealth
 + Level 2.3 Spellcasting
 + Level 1.1 Transmutations
 + Level 3.6 Poison Magic


You had 5 spell levels left.
You knew the following spells:

 Your Spells              Type           Power      Damage    Failure   Level
a - Sting                 Tmut/Pois      48%        1d5       5%          1

Your spell library contained the following spells:

 Spells                   Type           Power      Damage    Failure   Level
 Poisonous Vapours        Pois/Air       18%        N/A       11%         2
 Passwall                 Tmut/Erth      3%         N/A       19%         2
 Ensorcelled Hibernation  Hex/Ice        4%         N/A       24%         2
 Mephitic Cloud           Conj/Pois/Air  7%         N/A       28%         3
 Olgreb's Toxic Radiance  Pois           17%        N/A       32%         4
 Swiftness                Air            2%         N/A       43%         3


Dungeon Overview and Level Annotations

Branches:
Dungeon (2/15)

Altars:


Innate Abilities, Weirdness & Mutations

You regenerate a little health from kills.
You have an unusually large brain. (Int +2)


Message History

You add the spells Passwall, Ensorcelled Hibernation and Swiftness to your library.
A bat is nearby!
Found a stone staircase leading down.
The bat hits you but does no damage.
The sting hits the bat.
The bat is poisoned.
You kill the bat!
Found a stone staircase leading up.
l - a scroll labelled HULIWE ANUECUKI
m - a golden potion You now have 101 gold pieces (gained 12).
A worm comes into view.
The sting hits the worm.
The worm is poisoned.
The worm is moderately wounded.
The sting hits the worm.
The worm looks even sicker.
The worm is heavily wounded.
The sting hits the worm.
The worm looks even sicker.
The worm is heavily wounded.
You hit the worm.
The worm is heavily wounded.
You hit the worm but do no damage.
The worm is heavily wounded.
The worm bites you!
You hit the worm.
The worm is severely wounded.
The worm bites you!
You hit the worm.
The worm is severely wounded.
The worm bites you!
* * * LOW HITPOINT WARNING * * *
Casting: Sting (safe; 5% risk of failure)
Confirm with . or Enter, or press ? or * to list all spells.
Aiming: Sting (safe; 5% risk of failure)
Press: ? - help, Shift-Dir - straight line, f/p - worm
Aim: a worm (heavily wounded, very poisoned, 90% to hit)
The sting hits the worm.
The worm looks even sicker.
The worm is severely wounded.
You barely miss the worm.
The worm is severely wounded.
The worm bites you.
You die...

.....# #.###.#
.###.# #.###.# ##
.####.....####.
................#
##.######.#####.#
##.######.####
.............#
#########.##.#
#.##@# #.##w#
#.##.# ..##.#
####.. ... ##. #.


You could see a worm (very poisoned).

Vanquished Creatures
  An adder (D:2)
  A worm (D:2)
  A ball python (D:1)
  4 goblins (D:1)
  3 hobgoblins
  A kobold (D:1)
  2 quokkas (D:1)
  2 bats
  A frilled lizard (D:1)
  2 rats
18 creatures vanquished.

Notes
Turn   | Place    | Note
-------+----------+-------------------------------------------
     0 | D:1      | gelatine the Demonspawn Venom Mage began the quest for the
                  | Orb.
     0 | D:1      | Reached XP level 1. HP: 13/13 MP: 3/3
   434 | D:1      | Found a faded altar of an unknown god.
   559 | D:1      | Gained mutation: You have an unusually large brain. (Int
                  | +2) [demonic ancestry]
   559 | D:1      | Reached XP level 2. HP: 18/19 MP: 0/5
   722 | D:1      | Reached skill level 1 in Transmutations
   900 | D:2      | Gained mutation: You regenerate a little health from kills.
                  | [demonic ancestry]
   900 | D:2      | Reached XP level 3. HP: 14/24 MP: 1/6
  1284 | D:2      | HP: 1/24 [worm (8)]
  1286 | D:2      | Slain by a worm

Illustrated notes

Levels and vault maps discovered:
D:1:      sevenhm_arrival_forest_fort_small_5, layout_rooms,
          shapermc_ecumenical_altar_hornbeckon
D:2:      layout_loops_ring, serial_glass, glass_columns_a, glass_columns_b

Skill      XL: |  1  2 |
---------------+-------+-----
Dodging        | 2 |  2.0
Transmutations | 1 |  1.1
Maces & Flails | |  0.2
Stealth        | |  1.8
Spellcasting   | |  2.3
Poison Magic   | |  3.6

Action                   || total
-------------------------++-------
Melee: Club              ||    36
 Cast: Sting             ||    39
Armor: Robe              ||     7
Dodge: Dodged            ||    30

Table legend: (Time is in decaauts)
 A = Elapsed time spent in this place.
 B = Non-inter-level travel time spent in this place.
 C = Inter-level travel time spent in this place.
 D = Time resting spent in this place.
 E = Time spent auto-exploring this place.
 F = Levels seen in this place.
 G = Mean time per level.
                   A        B        C        D        E       F      G
               +--------+--------+--------+--------+--------+-----+--------+
         Total |   1308 |   1287 |     21 |      0 |   1069 |   2 |  654.0 |
       Dungeon |   1308 |   1287 |     21 |      0 |   1069 |   2 |  654.0 |
               +--------+--------+--------+--------+--------+-----+--------+

Top non-repeatable levels by time:
     D:1: 864 daAuts
     D:2: 444 daAuts
